 Dungeon Crawl Stone Soup version 0.23.0 (webtiles) character file.

Game seed: 41962963245778737

268870 Trogdor the Warrior (level 19, -9/174 HPs)
             Began as a Centaur Fighter on Feb 9, 2019.
             Was the Champion of the Shining One.
             Killed from afar by an ancient lich (22 damage)
             ... with a bolt of fire
             ... on level 4 of the Abyss on Feb 10, 2019.
             The game lasted 04:37:20 (44707 turns).

Trogdor the Warrior (Centaur Fighter)              Turns: 44707, Time: 04:37:21

Health: -9/174     AC: 36    Str: 26    XL:     19   Next: 39%
Magic:  22/29      EV:  4    Int:  5    God:    the Shining One [******]
Gold:   1512       SH: 30    Dex: 12    Spells: 18/18 levels left

rFire    + + .     SeeInvis .   m - +4 trident (freeze)
rCold    + + .     Gourm    .   L - +2 shield of Resistance {rF+ rC+ MR+}
rNeg     + + +     Faith    .   S - +1 plate armour {rF+}
rPois    +         Spirit   .   n - +2 helmet "Ciomobre" {rC+}
rElec    .         Reflect  +   r - +2 cloak {+Inv}
rCorr    .         Harm     .   e - +2 pair of gloves
MR       ++...     Rnd*Tele +   H - +0 centaur barding
Stlth    ..........             C - +5 amulet of reflection
HPRegen  0.39/turn              s - +2 ring of protection
MPRegen  0.21/turn              c - ring of Veet {rPois Int+2 Dex+4}

@: divine shield, glowing, studying Slings, very quick
A: large, hooves 3, yellow scales 1, [blurry vision 2], [clumsy 1], deformed
body, [dopey 2], speed 2, poison resistance, [teleportitis 2], tough skin 3, [no
potion heal 1]
}: 2/15 runes: barnacled, gossamer
a: Divine Shield, Cleansing Flame, Summon Divine Warrior, Brand Weapon With Holy
Wrath, Renounce Religion, Evoke Invisibility


You were on level 4 of the Abyss.
You worshipped the Shining One.
The Shining One was exalted by your worship.
You were hungry.

You visited 6 branches of the dungeon, and saw 29 of its levels.
You visited the Abyss 1 time.
You also visited: Gauntlet and Ice Cave.

You collected 3733 gold pieces.
You spent 2221 gold pieces at shops.

Inventory:

Hand Weapons
 i - the +7 spear of Qoahysac {flame, -Tele rPois Str+9 Int-3}
   (You found it on level 10 of the Dungeon)

   It has been specially enchanted to burn those struck by it, causing extra
   injury to most foes and up to half again as much damage against particularly
   susceptible opponents.
   It affects your strength (+9).
   It affects your intelligence (-3).
   It protects you from poison.
   It prevents most forms of teleportation.
 m - a +4 trident of freezing (weapon)
 E - a +3 broad axe of electrocution
 I - the +8 halberd "Zamnuz Pupp" {flame, Dex+4 Stlth+}
   (You found it on level 6 of the Lair of Beasts)

   It has been specially enchanted to burn those struck by it, causing extra
   injury to most foes and up to half again as much damage against particularly
   susceptible opponents.
   Big, fiery blades are also staple armaments of hydra-hunters.
   It affects your dexterity (+4).
   It makes you more stealthy.
 R - a +2 battleaxe of freezing
Armour
 e - a +2 pair of gloves (worn)
 j - the +0 helmet of the Undertaker {Dex+5}
   (You found it on level 4 of the Dungeon)

   It affects your dexterity (+5).
 n - the +2 helmet "Ciomobre" (worn) {rC+}
   (You found it in a Gauntlet)

   It protects you from cold.
 r - a +2 cloak of invisibility (worn)
 H - a +0 centaur barding (worn)
 J - a +4 plate armour of poison resistance
 L - the +2 shield of Resistance (worn) {rF+ rC+ MR+}
   (You bought it in a shop on level 2 of the Orcish Mines)

   It protects you from fire.
   It protects you from cold.
   It affects your resistance to hostile enchantments.
 S - a +1 plate armour of fire resistance (worn)
Jewellery
 c - the ring of Veet (right hand) {rPois Int+2 Dex+4}
   (You bought it in a shop on level 2 of the Orcish Mines)

   [ring of poison resistance]

   It affects your intelligence (+2).
   It affects your dexterity (+4).
   It protects you from poison.
 g - an uncursed amulet of the acrobat
 o - an uncursed amulet of rage
 s - a +2 ring of protection (left hand)
 x - an uncursed ring of fire
 y - an uncursed ring of ice
 C - a +5 amulet of reflection (around neck)
 U - an uncursed ring of ice
 V - an uncursed amulet of regeneration
 X - an uncursed ring of resist corrosion
Wands
 P - a wand of digging (15)
 Q - a wand of disintegration (42)
 W - a wand of iceblast (9)
 Y - a wand of scattershot (13)
 Z - a wand of flame (8)
Scrolls
 h - 16 scrolls of remove curse
 p - 2 scrolls of blinking
 v - 5 scrolls of enchant armour
 w - 6 scrolls of immolation
 D - 3 scrolls of fear
 G - a scroll of magic mapping
 K - 10 scrolls of teleportation
 M - 4 scrolls of enchant weapon
 N - 6 scrolls of identify
 O - a scroll of fog
Potions
 a - a potion of resistance
 b - a potion of haste
 d - 7 potions of might
 k - 6 potions of ambrosia
 l - 3 potions of heal wounds
 q - 2 potions of flight
 z - a potion of berserk rage
 A - 4 potions of curing
 B - 2 potions of magic
 F - a potion of agility
Books
 T - a manual of Slings
Comestibles
 f - 33 rations


   Skills:
 + Level 16.7 Fighting
 + Level 13.8(15.9) Axes
 - Level 13.8(16.0) Polearms
 + Level 13.4 Armour
 - Level 9.0 Shields
 + Level 13.5 Invocations
 - Level 0.4 Evocations


You had 18 spell levels left.
You didn't know any spells.
Your spell library contained the following spells:

 Spells                   Type           Power        Failure   Level  Hunger
 Animate Skeleton         Necr           N/A          99%         1    ##.....
 Apportation              Tloc           #.....       99%         1    ##.....
 Beastly Appendage        Tmut           #.....       99%         1    ##.....
 Confusing Touch          Hex            #.....       99%         1    ##.....
 Corona                   Hex            #......      99%         1    ##.....
 Freeze                   Ice            #...         99%         1    ##.....
 Magic Dart               Conj           #...         99%         1    ##.....
 Sting                    Conj/Pois      #...         99%         1    ##.....
 Summon Butterflies       Summ           #.......     99%         1    ##.....
 Summon Small Mammal      Summ           #...         99%         1    ##.....
 Blink                    Tloc           N/A          99%         2    ###....
 Call Imp                 Summ           #.......     99%         2    ###....
 Ensorcelled Hibernation  Hex/Ice        #.....       99%         2    ###....
 Poisonous Vapours        Pois/Air       #.....       99%         2    ###....
 Shroud of Golubria       Chrm/Tloc      #.........   99%         2    ###....
 Slow                     Hex            #.......     99%         2    ###....
 Sticks to Snakes         Tmut           #.......     99%         2    ###....
 Sublimation of Blood     Necr           #.........   99%         2    ###....
 Throw Frost              Conj/Ice       #.....       99%         2    ###....
 Call Canine Familiar     Summ           #.......     100%        3    ####...
 Confuse                  Hex            #.......     100%        3    ####...
 Conjure Flame            Conj/Fire      #.......     100%        3    ####...
 Dazzling Spray           Conj/Hex       #.....       100%        3    ####...
 Gell's Gravitas          Tloc           #.........   100%        3    ####...
 Ignite Poison            Fire/Tmut/Pois #.......     100%        3    ####...
 Lesser Beckoning         Tloc           #.........   100%        3    ####...
 Mephitic Cloud           Conj/Pois/Air  #.......     100%        3    ####...
 Ozocubu's Armour         Chrm/Ice       #.......     100%        3    ####...
 Spider Form              Tmut/Pois      #.........   100%        3    ####...
 Teleport Other           Tloc           #.......     100%        3    ####...
 Tukima's Dance           Hex            #.......     100%        3    ####...
 Ice Form                 Ice/Tmut       #.......     100%        4    #####..
 Olgreb's Toxic Radiance  Pois           #.......     100%        4    #####..
 Passage of Golubria      Tloc           N/A          100%        4    #####..
 Petrify                  Tmut/Erth      #.......     100%        4    #####..
 Summon Ice Beast         Ice/Summ       #.......     100%        4    #####..
 Throw Icicle             Conj/Ice       #.......     100%        4    #####..
 Alistair's Intoxication  Tmut/Pois      #.......     100%        5    ######.
 Blade Hands              Tmut           #.........   100%        5    ######.
 Irradiate                Conj/Tmut      #.........   100%        5    ######.
 Metabolic Englaciation   Hex/Ice        #.........   100%        5    ######.
 Summon Mana Viper        Hex/Summ       #.......     100%        5    ######.
 Venom Bolt               Conj/Pois      #.........   100%        5    ######.
 Bolt of Cold             Conj/Ice       #.........   100%        6    #######
 Freezing Cloud           Conj/Ice/Air   #.........   100%        6    #######
 Ozocubu's Refrigeration  Ice            #.........   100%        6    #######
 Simulacrum               Ice/Necr       #.........   100%        6    #######
 Summon Hydra             Summ           #.........   100%        7    #######


Dungeon Overview and Level Annotations

Branches:
Dungeon (10/15)            Temple (0/1) D:6            Lair (6/6) D:9
 Shoals (4/4) Lair:3       Spider (4/4) Lair:3        Slime (0/5) Lair:5
    Orc (2/2) D:10            Elf (3/3) Orc:2

Altars:
Cheibriados
Dithmenos
Elyvilon
Fedhas
Okawaru
Ru
Uskayaw
Vehumet
Wu Jian
Xom
Zin
The Shining One
Beogh

Shops:
D:5 (   D:6 !   Orc:2 ([*=   Elf:2 *   Shoals:1 *

Annotations:
D:2 Grinder
Shoals:2 Kirke
Elf:3 1 runed translucent door, ultrashaft's ghost, veteran MiBe


Innate Abilities, Weirdness & Mutations

You have hooves in place of feet.
Armour fits poorly on your strangely shaped body.
You cover ground very quickly.
You have extremely tough skin. (AC +3)
You are partially covered in yellow scales. (AC +2)
Your system is resistant to poisons. (rPois)
[Scrolls take you longer to read.]
[You are clumsy. (Dex -2)]
[You are very dopey. (Int -4)]
[You are sometimes teleported next to monsters.]
[Potions are less effective at restoring your health.]


Message History

Your system partially rejects the healing.
You feel much better.
You block the spatial maelstrom's attack.
The spatial maelstrom hits you but does no damage.
A wretched star comes into view.
The ancient lich casts a spell at you. The bolt of fire hits you!! You resist.
* * * LOW HITPOINT WARNING * * *
The bolt of fire hits the spatial vortex!!
The spatial vortex resists.
A death knight comes into view. It is wielding a +0 great sword.
The death knight shouts!
The ancient lich casts a spell at you. The iron shot hits you!!
* * * LOW HITPOINT WARNING * * *
Your shield is strengthened by the Shining One's divine power.
You feel slightly more hungry.
The ancient lich points at you and mumbles some strange words.
The bolt of fire hits you!! You resist.
You die...

###.##..# .. . ##
.### ##..#. # ##.
G..#.# ##..
#..#... ##
...###..#
#.#v#######.
#....# .
#..@....#.#... #.
#
#.#vW#L##.##.###.
#p .#3..#.##. .
.. #. #....###.#
#.. . #
#.v.#...#.# # #
#.###..#..## # #.
.##.*#....# #
#.....#.# #.!#
...#. #... #


You could see an ancient lich, a death knight, a spatial maelstrom, a wretched
star, 2 spatial vortices, a freezing wraith and a smoke demon.

Vanquished Creatures
  Nikola (Spider:1)
  Asterion (Elf:1)
  A deep elf blademaster (Elf:3)
  A kraken (Shoals:4)
  Ilsuiw (Shoals:2)
  4 ghost moths
  An orc warlord (Orc:2)
  7 emperor scorpions
  2 deep elf elementalists (Elf:3)
  6 deep elf sorcerers (Elf:3)
  Louise (Elf:1)
  3 entropy weavers
  3 deep elf demonologists (Elf:3)
  5 deep elf annihilators
  A minotaur (Gauntlet)
  Nessos (Lair:4)
  A white draconian (IceCv)
  3 spark wasps
  5 deep elf death magi (Elf:3)
  6 crystal guardians (Elf:3)
  4 merfolk javelineers
  The ghost of Ihryk the Cleaver, a journeyman HOMo of Beogh (Lair:1)
  5 merfolk impalers
  A rakshasa (Abyss:4)
  5 deep elf high priests (Elf:3)
  2 hydras
  Erica (D:9)
  2 merfolk aquamancers
  2 satyrs
  3 catoblepae (Lair:6)
  2 two-headed ogres
  27 dancing weapons
  4 merfolk avatars
  An alligator snapping turtle (Shoals:4)
  20 death yaks
  Urug (Orc:2)
  3 orc high priests
  14 deep elf knights
  2 wretched stars (Abyss:4)
  The ghost of busb the Fighter, a novice OgWn of Zin (D:4)
  21 sea snakes
  An orange crystal statue (Elf:2)
  Pikel (D:5)
  9 deep elf archers
  An obsidian statue (Gauntlet)
  20 harpies
  57 deep elf magi
  14 orb spiders
  4 orc sorcerers
  2 orc knights (Orc:2)
  11 manticores
  4 oklob plants
  29 wolf spiders
  4 cyclopes
  11 fauns
  A worldbinder (Abyss:4)
  7 merfolk sirens
  A moth of wrath (Spider:2)
  5 water nymphs
  An ice statue (IceCv)
  3 torpor snails
  2 black mambas
  A smoke demon (Abyss:4)
  10 spiny frogs
  6 komodo dragons
  An efreet (Gauntlet)
  A rime drake (Lair:4)
  A freezing wraith (Abyss:4)
  2 minotaur zombies (Gauntlet)
  13 demonic crawlers
  3 trolls
  26 jumping spiders
  14 polar bears
  35 merfolk
  12 dream sheep
  16 blink frogs
  6 hornets
  4 tyrant leeches (Lair:2)
  9 wind drakes
  A raiju (Abyss:4)
  A hornet (shapeshifter) (Elf:3)
  11 hippogriffs
  3 snapping turtles
  76 redbacks
  A meliai zombie (D:7)
  Sigmund (D:5)
  27 tarantellas
  2 wyverns
  2 air elementals (Elf:3)
  15 water elementals
  3 fire elementals
  A human (D:8)
  39 yaks
  7 hogs
  4 basilisks
  A steam dragon (D:10)
  A soldier ant (shapeshifter) (Elf:2)
  2 wargs
  2 large abominations (Abyss:4)
  2 swamp worms (Lair:2)
  4 water moccasins
  5 porcupines
  20 orc warriors
  2 hell hounds (Gauntlet)
  11 ice beasts
  A black bear (D:9)
  2 sky beasts
  A slave (D:5)
  A phantom (D:8)
  2 eyes of draining
  3 centaurs
  30 wolves
  11 ogres
  12 crocodiles
  A big kobold (D:10)
  15 bullfrogs
  5 earth elementals
  3 scorpions
  A small abomination (Abyss:4)
  4 killer bees (D:9)
  A wight (D:4)
  3 electric eels
  5 crimson imps
  A quasit (Abyss:4)
  4 centaur zombies
  3 bullfrog skeletons
  2 hounds (D:8)
  5 jellies
  18 orc wizards
  21 orc priests
  A gnoll shaman (Orc:2)
  Crazy Yiuf (D:3)
  A centaur skeleton (D:8)
  Jessica (D:3)
  Terence (D:3)
  Natasha (thrice) (D:2)
  10 worker ants
  A hound zombie (D:4)
  A hound skeleton (D:4)
  A worker ant zombie (D:6)
  Robin (D:3)
  12 gnolls
  A howler monkey skeleton (D:7)
  11 adders
  A shadow imp (D:8)
  3 oozes (Lair:5)
  2 adder skeletons
  3 worms
  5 dart slugs
  4 leopard geckos
  54 orcs
  3 bats
  10 giant cockroaches
  8 hobgoblins
  23 jackals
  10 kobolds
  3 quokkas
  A ball python (D:3)
  6 frilled lizards
  15 goblins
  11 rats
  A fungus (Lair:2)
  A lurking horror (Abyss:4)
  A plant (Shoals:1)
1134 creatures vanquished.

Vanquished Creatures (collateral kills)
  A deep elf blademaster (Elf:3)
  A spark wasp (Spider:3)
  A tarantella (Spider:3)
  A tentacle (Shoals:4)
4 creatures vanquished.

Vanquished Creatures (others)
  A deep elf master archer (Elf:3)
  A blizzard demon (Abyss:4)
  2 merfolk javelineers (Shoals:4)
  A deep elf mage (Elf:2)
  A large abomination (Abyss:4)
  A yak (IceCv)
  3 water elementals
  3 slaves (D:5)
  A wolf (IceCv)
  An orc wizard (Orc:2)
  2 orcs
  A bush (Lair:6)
  2 fungi
  15 plants
  2 starspawn tentacles (Abyss:4)
  31 tentacles
68 creatures vanquished.

Grand Total: 1206 creatures vanquished

Notes
Turn   | Place    | Note
-------+----------+-------------------------------------------
     0 | D:1      | Trogdor the Centaur Fighter began the quest for the Orb.
     0 | D:1      | Reached XP level 1. HP: 19/19 MP: 1/1
   205 | D:1      | Reached XP level 2. HP: 25/26 MP: 2/2
   598 | D:1      | Reached XP level 3. HP: 31/31 MP: 3/3
   951 | D:2      | Noticed Natasha
   959 | D:2      | Killed Natasha
  1081 | D:2      | Reached XP level 4. HP: 36/38 MP: 4/4
  1102 | D:2      | Noticed Natasha
  1110 | D:2      | Killed Natasha
  1206 | D:2      | Noticed Natasha
  1219 | D:2      | Killed Natasha
  1425 | D:3      | Reached XP level 5. HP: 45/45 MP: 5/5
  1427 | D:3      | Noticed Grinder
  1451 | D:3      | Noticed Robin
  1519 | D:3      | Paralysed by Grinder for 5 turns
  1538 | D:2      | You fall through a shaft!
  1803 | D:3      | Noticed Jessica
  1806 | D:3      | Killed Robin
  1809 | D:3      | Killed Jessica
  1924 | D:3      | Found a shadowy altar of Dithmenos.
  2163 | D:3      | Reached XP level 6. HP: 28/51 MP: 6/6
  2490 | D:3      | Noticed Terence
  2504 | D:3      | Killed Terence
  2504 | D:3      | Reached skill level 5 in Polearms
  2611 | D:3      | Found a runed translucent door.
  2622 | D:3      | Noticed Crazy Yiuf
  2674 | D:3      | Killed Crazy Yiuf
  2893 | D:3      | Gained mutation: Your system is resistant to poisons.
                  | (rPois) [potion of mutation]
  2893 | D:3      | Gained mutation: You are partially covered in yellow
                  | scales. (AC +2) [potion of mutation]
  2981 | D:4      | Found a transporter.
  2982 | D:4      | Noticed busb's ghost (novice OgWn)
  2992 | D:4      | Found a transporter.
  3033 | D:4      | Found a glowing golden altar of the Shining One.
  3046 | D:4      | Became a worshipper of the Shining One
  3304 | D:4      | Reached XP level 7. HP: 57/57 MP: 7/7
  3388 | D:4      | Found a glowing silver altar of Zin.
  3679 | D:4      | Found a blossoming altar of Fedhas.
  4010 | D:4      | Killed busb's ghost
  4010 | D:4      | Reached XP level 8. HP: 52/63 MP: 8/8
  4015 | D:4      | Reached * piety under the Shining One
  4148 | D:4      | Got a pitted helmet
  4161 | D:4      | Identified the +0 helmet of the Undertaker {Dex+5} (You
                  | found it on level 4 of the Dungeon)
  4202 | D:5      | Entered Level 5 of the Dungeon
  4249 | D:5      | Noticed Pikel
  4262 | D:5      | Killed Pikel
  4429 | D:5      | Found an ornate altar of the Wu Jian Council.
  4545 | D:5      | Found a runed translucent door.
  4616 | D:5      | Found a runed translucent door.
  4640 | D:5      | Reached XP level 9. HP: 69/69 MP: 9/9
  4910 | D:5      | Found a snail-covered altar of Cheibriados.
  4912 | D:5      | Found a radiant altar of Vehumet.
  4957 | D:5      | Found Gidghaliph's Antique Weapon Emporium.
  4961 | D:5      | Noticed Sigmund
  4979 | D:5      | Killed Sigmund
  5196 | D:6      | Found Ybuavvou's Distillery.
  5265 | D:6      | Reached skill level 5 in Shields
  5753 | D:6      | Found a staircase to the Ecumenical Temple.
  5770 | D:6      | Found a white marble altar of Elyvilon.
  5771 | D:6      | Found a shimmering altar of Xom.
  5823 | D:7      | Reached skill level 1 in Axes
  5994 | D:7      | Reached ** piety under the Shining One
  6341 | D:8      | Found a white marble altar of Elyvilon.
  6342 | D:8      | Noticed an oklob plant
  6643 | D:8      | Noticed a two-headed ogre
  6650 | D:8      | Killed a two-headed ogre
  6650 | D:8      | Reached XP level 10. HP: 77/77 MP: 10/10
  6827 | D:8      | Noticed a +0 hand axe
  6830 | D:8      | Noticed a +0 hand axe
  6837 | D:8      | Found a hide-covered altar of Uskayaw.
  7216 | D:8      | Reached skill level 5 in Axes
  7607 | D:8      | Killed an oklob plant
  7700 | D:9      | Noticed Erica
  7732 | D:9      | Killed Erica
  7851 | D:9      | Reached skill level 1 in Invocations
  7894 | D:9      | Found a staircase to the Lair.
  7894 | D:9      | Noticed a death yak
  7896 | D:9      | Noticed a death yak
  7926 | D:9      | Killed a death yak
  7926 | D:9      | Reached skill level 5 in Armour
  7930 | D:9      | Noticed a death yak
  8010 | D:9      | Killed a death yak
  8010 | D:9      | Reached XP level 11. HP: 61/82 MP: 11/11
  8266 | D:9      | Killed a death yak
  8554 | D:9      | Found a sacrificial altar of Ru.
  8587 | Lair:1   | Entered Level 1 of the Lair of Beasts
  8805 | Lair:1   | Noticed Ihryk's ghost (journeyman HOMo)
  8806 | Lair:1   | Found a runed translucent door.
  9041 | Lair:1   | Reached skill level 4 in Fighting
  9705 | Lair:2   | Reached *** piety under the Shining One
  9968 | Lair:2   | Found a frozen archway.
  9984 | IceCv    | Entered an ice cave
 10510 | IceCv    | Reached skill level 5 in Fighting
 10536 | IceCv    | Reached XP level 12. HP: 90/94 MP: 12/12
 10639 | IceCv    | Reached skill level 10 in Axes
 10798 | IceCv    | Noticed a death yak
 10820 | IceCv    | Killed a death yak
 11021 | IceCv    | Reached skill level 6 in Fighting
 11076 | IceCv    | Noticed a death yak
 11076 | IceCv    | Noticed a death yak
 11076 | IceCv    | Noticed a white draconian
 11106 | IceCv    | Killed a death yak
 11552 | IceCv    | Killed a death yak
 11741 | IceCv    | Killed a white draconian
 12223 | Lair:2   | Reached **** piety under the Shining One
 13289 | Lair:3   | Found a staircase to the Shoals.
 13292 | Lair:3   | Reached skill level 7 in Fighting
 13462 | Lair:3   | Noticed a four-headed hydra
 13471 | Lair:3   | Reached XP level 13. HP: 105/105 MP: 13/13
 13685 | Lair:3   | Found a hole to the Spider Nest.
 14753 | Lair:4   | Noticed Nessos
 14768 | Lair:4   | Killed Nessos
 15180 | Lair:4   | Got a fine leather armour
 15191 | Lair:4   | Identified the +1 leather armour "Feokh" {SInv} (You found
                  | it on level 4 of the Lair of Beasts)
 15688 | Lair:4   | Reached skill level 8 in Fighting
 16356 | Lair:5   | Found a staircase to the Slime Pits.
 16841 | Lair:6   | Entered Level 6 of the Lair of Beasts
 16882 | Lair:6   | Found a gate leading to a gauntlet.
 16891 | Gauntlet | Entered a Gauntlet
 16891 | Gauntlet | Found a transporter.
 16962 | Gauntlet | Found a transporter.
 16963 | Gauntlet | Found a transporter.
 16967 | Gauntlet | Found a transporter.
 16972 | Gauntlet | Found a runed translucent door.
 16974 | Gauntlet | Found a transporter.
 16974 | Gauntlet | Found a transporter.
 16975 | Gauntlet | Found a runed translucent door.
 16976 | Gauntlet | Found a transporter.
 16985 | Gauntlet | Found a transporter.
 16985 | Gauntlet | Reached ***** piety under the Shining One
 17317 | Gauntlet | Got a slimy helmet
 17341 | Gauntlet | Identified the +2 helmet "Ciomobre" {rC+} (You found it in
                  | a Gauntlet)
 17417 | Gauntlet | Noticed a minotaur
 17427 | Gauntlet | Killed a minotaur
 17894 | Lair:6   | Reached XP level 14. HP: 95/116 MP: 16/16
 18221 | Lair:6   | Reached skill level 9 in Fighting
 18984 | Lair:6   | Got a brightly glowing halberd
 19243 | Lair:5   | Identified the +8 halberd "Zamnuz Pupp" {flame, Dex+4
                  | Stlth+} (You found it on level 6 of the Lair of Beasts)
 19343 | Lair:6   | Reached skill level 10 in Polearms
 19343 | Lair:6   | Reached skill level 5 in Invocations
 19977 | Lair:1   | Killed Ihryk's ghost
 20041 | D:10     | Entered Level 10 of the Dungeon
 20044 | D:10     | Found a staircase to the Orcish Mines.
 20779 | D:10     | Found an iron altar of Okawaru.
 20787 | D:10     | Got an iridescent spear
 20788 | D:10     | Identified the +7 spear of Qoahysac {flame, -Tele rPois
                  | Str+9 Int-3} (You found it on level 10 of the Dungeon)
 21013 | Orc:1    | Entered Level 1 of the Orcish Mines
 21308 | Orc:2    | Entered Level 2 of the Orcish Mines
 21694 | Orc:2    | Reached skill level 10 in Fighting
 21698 | Orc:2    | Noticed an orc warlord
 21871 | Orc:2    | Noticed Urug
 21924 | Orc:2    | Killed Urug
 22572 | Orc:2    | Killed an orc warlord
 22592 | Orc:2    | Found a roughly hewn altar of Beogh.
 22984 | Orc:2    | Found Hint's Antique Weapon Shop.
 22991 | Orc:2    | Reached ****** piety under the Shining One
 22995 | Orc:2    | Found Den Samn's Jewellery Shop.
 23100 | Orc:2    | Found Ogyd's General Store.
 23107 | Orc:2    | Bought a potion of agility for 52 gold pieces
 23186 | Orc:2    | Found Iblelax's Antique Armour Shop.
 23192 | Orc:2    | Bought a shiny plate armour for 494 gold pieces
 23192 | Orc:2    | Bought the +2 shield of Resistance {rF+ rC+ MR+} for 780
                  | gold pieces
 23192 | Orc:2    | Found the +2 shield of Resistance {rF+ rC+ MR+}
 23249 | Orc:2    | Found a staircase to the Elven Halls.
 23629 | Orc:2    | Bought the ring of Veet {rPois Int+2 Dex+4} for 633 gold
                  | pieces
 23743 | Spider:1 | Entered Level 1 of the Spider Nest
 24020 | Spider:1 | Noticed Nikola
 24214 | Spider:1 | Killed Nikola
 24214 | Spider:1 | Reached XP level 15. HP: 61/128 MP: 20/20
 24486 | Spider:1 | Reached skill level 11 in Fighting
 26422 | Spider:2 | Reached skill level 12 in Fighting
 26468 | Spider:2 | Noticed a ghost moth
 26488 | Spider:2 | Killed a ghost moth
 27380 | Spider:3 | Reached skill level 10 in Armour
 28874 | Spider:4 | Entered Level 4 of the Spider Nest
 28999 | Spider:4 | Reached XP level 16. HP: 98/141 MP: 21/23
 29495 | Spider:4 | Reached skill level 13 in Fighting
 30212 | Spider:4 | Reached skill level 10 in Invocations
 31525 | Spider:4 | Got a gossamer rune of Zot
 31869 | Shoals:1 | Entered Level 1 of the Shoals
 32270 | Shoals:1 | Reached skill level 14 in Fighting
 32518 | Shoals:1 | Found Yduogre's Assorted Antiques.
 32526 | Shoals:1 | Bought a scroll of enchant weapon for 262 gold pieces
 33131 | Shoals:2 | Noticed Ilsuiw
 33131 | Shoals:2 | Noticed Kirke
 33345 | Shoals:2 | Reached XP level 17. HP: 149/154 MP: 25/25
 33640 | Shoals:2 | Noticed a kraken
 33794 | Shoals:2 | Killed Ilsuiw
 35119 | Shoals:3 | Noticed a kraken
 35391 | Shoals:4 | Entered Level 4 of the Shoals
 35483 | Shoals:4 | Found Cuymm's Book Shoppe.
 35768 | Shoals:4 | Found a runed translucent door.
 36326 | Shoals:4 | Noticed a kraken
 36366 | Shoals:4 | Reached skill level 15 in Fighting
 36918 | Shoals:4 | Got a barnacled rune of Zot
 37109 | Shoals:4 | Killed a kraken
 37312 | Elf:1    | Entered Level 1 of the Elven Halls
 37669 | Elf:1    | Noticed Louise
 37690 | Elf:1    | Killed Louise
 37690 | Elf:1    | Reached XP level 18. HP: 149/163 MP: 27/27
 37976 | Elf:1    | Noticed Asterion
 37994 | Elf:1    | Killed Asterion
 39123 | Elf:2    | Found Zoenneg's Assorted Antiques.
 39400 | Elf:2    | Found a runed translucent gate.
 39400 | Elf:2    | Found a runed translucent gate.
 39403 | Elf:2    | Found a runed translucent gate.
 40483 | Elf:2    | Reached skill level 16 in Fighting
 41008 | Elf:3    | Entered Level 3 of the Elven Halls
 41052 | Elf:3    | Found a runed translucent door.
 41053 | Elf:3    | Noticed ultrashaft's ghost (veteran MiBe)
 42455 | Elf:3    | Noticed a Hell Sentinel
 42480 | Elf:3    | Reached XP level 19. HP: 57/173 MP: 20/28
 43369 | Elf:3    | HP: 6/174 [deep elf mage/bolt of lightning (25)]
 44279 | Elf:3    | Identified the +15 plate armour "Sejeplick" {Int+2}
 44415 | Elf:3    | Cast into level 4 of the Abyss (a deep elf sorcerer)
 44417 | Abyss:4  | Found a corrupted altar of Lugonu.
 44493 | Abyss:4  | Noticed a bone dragon
 44700 | Abyss:4  | Noticed an ancient lich
 44707 | Abyss:4  | Killed from afar by an ancient lich

Skill      XL: |  1  2  3  4  5  6  7  8  9 10 11 12 13 14 15 16 17 18 |
---------------+-------------------------------------------------------+-----
Polearms       | 2 3 4 5 7 9 10 12 13 | 13.8
Shields        | 3 4 6 7 8 9 |  9.0
Armour         | 3 5 6 7 8 10 11 12 13 | 13.4
Axes           | 4 7 9 11 13 | 13.8
Invocations    | 1 3 7 9 11 12 13 | 13.5
Fighting       | 5 7 8 10 12 14 15 16 | 16.7
Evocations     | |  0.4

Action                   |  1- 3 |  4- 6 |  7- 9 | 10-12 | 13-15 | 16-18 | 19-21 || total
-------------------------+-------+-------+-------+-------+-------+-------+-------++-------
Melee: Trident           |   124 |   219 |   181 |     5 |    24 |    12 |       ||   565
       Kick              |    10 |    42 |    65 |   221 |   573 |   740 |   148 ||  1799
       Quarterstaff      |       |     5 |       |       |       |       |       ||     5
       Unarmed           |       |     2 |       |       |       |       |       ||     2
       Hand axe          |       |       |    94 |   479 |       |       |       ||   573
       Broad axe         |       |       |       |    93 |   330 |       |       ||   423
       Battleaxe         |       |       |       |       |     9 |       |       ||     9
       Spear             |       |       |       |       |   918 |  2043 |   291 ||  3252
       Halberd           |       |       |       |       |   103 |       |       ||   103
Invok: Divine Shield     |       |       |     1 |     1 |       |       |     1 ||     3
       Summon Divine War |       |       |       |       |     1 |     3 |       ||     4
       Cleansing Flame   |       |       |       |       |     1 |       |     3 ||     4
 Abil: Evoke Berserk Rag |       |       |     3 |     5 |     4 |       |       ||    12
Evoke: Wand              |       |       |       |       |     3 |     1 |       ||     4
  Use: Scroll            |     1 |     7 |     6 |     7 |    11 |     7 |     2 ||    41
       Potion            |     1 |     1 |     2 |     4 |     2 |     5 |     4 ||    19
  Eat: Chunk             |       |     6 |     8 |    11 |    24 |    22 |     2 ||    73
       Ration            |       |       |     1 |     4 |     7 |     5 |     1 ||    18
Armor: Scale mail        |    32 |    16 |    83 |   114 |   183 |       |       ||   428
       Ring mail         |       |    50 |       |    85 |       |       |       ||   135
       Plate armour      |       |       |       |       |   351 |   519 |    57 ||   927
Dodge: Dodged            |    13 |    45 |    31 |   108 |   133 |    92 |     5 ||   427
Block: Shield            |    43 |    60 |    95 |   265 |   482 |   888 |    89 ||  1922
       Reflection        |       |       |       |       |       |   106 |     6 ||   112
